 Dungeon Crawl Stone Soup version 0.30.1-11-g7821555f0a (webtiles) character file.

Game seed: 4653871992237720852

541 Peloso the Slasher (level 7, 0/61 HPs)
             Began as a Minotaur Fighter on Dec 15, 2023.
             Was an Initiate of Okawaru.
             Slain by a gnoll
             ... wielding a +0 flail
             ... led by a gnoll bouda
              (3 damage)
             ... on level 4 of the Dungeon.
             The game lasted 00:05:02 (2536 turns).

Peloso the Slasher (Minotaur Fighter)               Turns: 2536, Time: 00:05:03

Health: 0/61       AC:  7    Str: 21    XL:     7   Next: 5%
Magic:  6/6        EV: 10    Int:  5    God:    Okawaru [......]
Gold:   104        SH:  5    Dex: 11    Spells: 6/6 levels left

rFire   . . .        a - +1 long sword
rCold   . . .        c - +0 buckler
rNeg    . . .        b - +0 scale mail
rPois   .            (helmet restricted)
rElec   .            (no cloak)
rCorr   .            (no gloves)
SInv    .            (no boots)
Will    .....        (no amulet) Stlth
                     (no ring)
HPRegen 0.30/turn    (no ring)
MPRegen 0.10/turn

%: no passive effects
@: weakened
A: horns 2, retaliatory headbutt
a: Renounce Religion


You were on level 4 of the Dungeon.
You worshipped Okawaru.
Okawaru was noncommittal.
You visited 1 branch of the dungeon, and saw 4 of its levels.

You collected 104 gold pieces.

Inventory:

Hand Weapons
 a - a +1 long sword (weapon)
Missiles
 j - 2 throwing nets (quivered)
Armour
 b - a +0 scale mail (worn)
 c - a +0 buckler (worn)
Wands
 i - a wand of flame (16)
Scrolls
 h - a scroll of amnesia
Potions
 d - a potion of might
 e - a potion of mutation {unknown}
 f - 3 potions of curing
 g - a potion of heal wounds {unknown}
 k - a potion of brilliance {unknown}


   Skills:
 + Level 5.0 Fighting
 + Level 6.1 Long Blades
 + Level 5.9 Armour
 + Level 1.5 Dodging
 + Level 4.6 Shields
 + Level 0.1 Evocations


You had 6 spell levels left.
You didn't know any spells.
Your spell library contained the following spells:

 Spells                   Type           Power      Damage    Failure   Level
 Lesser Beckoning         Tloc           0%         N/A       94%         2
 Gell's Gravitas          Tloc           0%         N/A       99%         3
 Inner Flame              Hex/Fire       0%         N/A       99%         3
 Stone Arrow              Conj/Erth      0%         3d7       99%         3
 Teleport Other           Tloc           0%         N/A       99%         3
 Flame Wave               Conj/Fire      0%         2d4       100%        4
 Sticky Flame             Conj/Fire      0%         2d3       100%        4
 Lehudib's Crystal Spear  Conj/Erth      0%         10d2      100%        8
 Animate Armour           Summ/Erth      Unusable   N/A       N/A         4

Dungeon Overview and Level Annotations

Branches:
Dungeon (4/15)
 Temple: D:4-7

Altars:
Elyvilon
Okawaru
Vehumet
Zin


Innate Abilities, Weirdness & Mutations

You have a pair of horns on your head.
You reflexively headbutt those who attack you in melee.


Message History

The gnoll bouda gazes fiercely through you!
You feel your attacks grow feeble. You block the gnoll bouda's attack.
The gnoll completely misses you.
You barely miss the gnoll bouda. Your headbutt misses the gnoll bouda.
The gnoll bouda is severely wounded.
You block the gnoll's attack.
The gnoll bouda hits you with a +0 whip!
The gnoll barely misses you.
Unknown command.
You hit the gnoll bouda.
The gnoll bouda is severely wounded.
The gnoll hits you from afar with a +2 spear of freezing.
The gnoll freezes you.
The gnoll bouda hits you with a +0 whip!
* * * LOW HITPOINT WARNING * * *
The gnoll barely misses you. The gnoll attacks as you move away!
The gnoll hits you but does no damage.
The gnoll bouda hits you with a +0 whip!
* * * LOW HITPOINT WARNING * * *
The gnoll attacks as you move away! The gnoll hits you with a +0 flail.
* * * LOW HITPOINT WARNING * * *
You feel better. The gnoll hits you with a +0 flail.
* * * LOW HITPOINT WARNING * * *
Your attacks no longer feel as feeble.
The gnoll is no longer moving quickly.
The gnoll bouda barks out a call to the hunt!
The gnoll picks up the pace!
The gnoll hits you but does no damage.
The gnoll bouda gazes fiercely through you!
You feel your attacks grow feeble. The gnoll barely misses you.
The gnoll attacks as you move away! The gnoll hits you but does no damage.
The gnoll is no longer moving quickly.
The gnoll attacks as you move away! The gnoll hits you with a +0 flail.
* * * LOW HITPOINT WARNING * * *
The gnoll bouda barks out a call to the hunt!
The gnoll picks up the pace!
You block the gnoll's attack. The gnoll attacks as you move away!
The gnoll hits you with a +0 flail.
You die...

#####.._....#
#....._8_.#.##### #####
#.........#.....#.....#
#.........#.....#.....#.
#.....)#g.......'.....'
#.....####.g....#.....#
+.....# ##....)#.....#
#.....# #.g...#.....#
#.....# ###@..##...#
#####..#..###(..##...###
...#...............#
#...............#
#...........)...# ##
#.###########'#### .# #
#.........# .#
#......?..# .#
#.........#


You could see a gnoll bouda and 2 gnolls.

Vanquished Creatures
  Grinder (D:4)
  A phantom (D:4)
  An orc wizard (D:3)
  An iguana (D:4)
  Terence (D:2)
  Robin (D:2)
  5 adders
  5 gnolls (D:4)
  An ufetubus (D:4)
  2 worms (D:2)
  A dart slug (D:3)
  6 orcs
  7 bats
  5 endoplasms
  2 giant cockroaches
  18 goblins
  8 hobgoblins
  5 jackals
  2 quokkas
  8 ball pythons
  4 kobolds
  3 rats
88 creatures vanquished.

Notes
Turn   | Place    | Note
-------+----------+-------------------------------------------
     0 | D:1      | Peloso the Minotaur Fighter began the quest for the Orb.
     0 | D:1      | Reached XP level 1. HP: 19/19 MP: 0/0
   183 | D:1      | Reached XP level 2. HP: 27/27 MP: 1/1
   295 | D:1      | Found a faded altar of an unknown god.
   937 | D:2      | Reached XP level 3. HP: 33/33 MP: 2/2
   941 | D:2      | Reached skill level 3 in Long Blades
  1039 | D:2      | Found a white marble altar of Elyvilon.
  1073 | D:2      | Noticed Robin
  1080 | D:2      | Killed Robin
  1146 | D:2      | Reached XP level 4. HP: 41/41 MP: 3/3
  1245 | D:2      | Noticed Terence
  1250 | D:2      | Reached skill level 4 in Long Blades
  1253 | D:2      | Killed Terence
  1534 | D:3      | Reached XP level 5. HP: 35/47 MP: 4/4
  2103 | D:4      | Reached skill level 5 in Long Blades
  2214 | D:4      | Noticed Grinder
  2215 | D:4      | Paralysed by Grinder for 4 turns
  2240 | D:4      | Paralysed by Grinder for 2 turns
  2242 | D:4      | Killed Grinder
  2243 | D:4      | Reached skill level 5 in Armour
  2243 | D:4      | Reached skill level 1 in Dodging
  2243 | D:4      | Reached XP level 6. HP: 19/55 MP: 5/5
  2420 | D:4      | Reached skill level 5 in Fighting
  2420 | D:4      | Reached skill level 6 in Long Blades
  2420 | D:4      | Reached XP level 7. HP: 58/61 MP: 6/6
  2484 | D:4      | Found a glowing silver altar of Zin.
  2484 | D:4      | Found an iron altar of Okawaru.
  2484 | D:4      | Found a radiant altar of Vehumet.
  2515 | D:4      | Became a worshipper of Warmaster Okawaru
  2529 | D:4      | HP: 1/61 [gnoll/+0 flail[a gnoll bouda] (3)]
  2535 | D:4      | HP: 3/61 [gnoll/+0 flail[a gnoll bouda] (6)]
  2536 | D:4      | Slain by a gnoll

Illustrated notes

Levels and vault maps discovered:
D:1:      lightli_arrival_flooded_house, layout_loops_corners,
          hellmonk_ecumenical_altar_run_dry, chequers_serial_rivers_room_b
D:2:      layout_rooms, basic_altar, uniq_terence, uniq_robin
D:3:      layout_rooms, st_stairs_3
D:4:      layout_gridville, mainiacjoe_overflow_alcove_1,
          chequers_temple_overflow_statue_of_worship, makhleb_altar_promises_db,
          minmay_distorted, uniq_grinder

Skill      XL: |  1  2  3  4  5  6 |
---------------+-------------------+-----
Fighting       | 4 5 |  5.0
Armour         | 4 5 |  5.9
Shields        | 4 |  4.6
Long Blades    | 3 4 5 6 |  6.1
Dodging        | 1 |  1.5
Evocations     | |  0.1

Action                     |  1- 3 |  4- 6 |  7- 9 || total
---------------------------+-------+-------+-------++-------
  Melee: Long sword        |   111 |   107 |    19 ||   237
         Headbutt          |     9 |    21 |     2 ||    32
  Evoke: Wand              |       |     2 |       ||     2
    Use: Scroll            |     2 |     4 |       ||     6
         Potion            |     1 |     1 |     1 ||     3
 Armour: Scale mail        |    68 |    59 |    15 ||   142
  Dodge: Dodged            |    53 |    76 |    13 ||   142
  Block: Buckler           |    31 |    33 |     8 ||    72
